 Dungeon Crawl Stone Soup version 0.21.1-1-g345015f (webtiles) character file.

665 Kairos the Shield-Bearer (level 7, -23/58 HPs)
             Began as a Formicid Fighter on Apr 8, 2018.
             Annihilated by an ogre
             ... wielding a +0 giant spiked club
              (27 damage)
             ... on level 5 of the Dungeon.
             The game lasted 00:06:28 (3289 turns).

Kairos the Shield-Bearer (Formicid Fighter)         Turns: 3289, Time: 00:06:29

Health: -23/58     AC:  8    Str: 20    XL:     7   Next: 88%
Magic:  11/11      EV: 10    Int:  8    God:
Gold:   233        SH: 10    Dex: 12    Spells: 12/12 levels left

rFire    . . .     SeeInvis +   a - +0 war axe
rCold    . . .     Gourm    .   c - +0 shield
rNeg     . . .     Faith    .   b - +0 scale mail
rPois    .         Spirit   .   (helmet unavailable)
rElec    .         Reflect  .   (no cloak)
rCorr    .         Harm     .   j - +0 pair of gloves
MR       .....                  (no boots)
Stlth    +.........             (no amulet)
HPRegen  0.19/turn              (no ring)
MPRegen  0.12/turn              (no ring)

@: no status effects
A: permanent stasis, dig shafts and tunnels, four strong arms, antennae 3
a: Dig, Shaft Self


You were on level 5 of the Dungeon.
You were hungry.

You visited 1 branch of the dungeon, and saw 5 of its levels.

You collected 233 gold pieces.

Inventory:

Hand Weapons
 a - a +0 war axe (weapon)
Missiles
 i - 8 tomahawks (quivered)
Armour
 b - a +0 scale mail (worn)
 c - a +0 shield (worn)
 j - a +0 pair of gloves (worn)
Wands
 m - a wand of clouds (5)
 o - a wand of disintegration (10)
Scrolls
 e - a scroll of identify
 g - a scroll of remove curse
 n - 2 scrolls of amnesia
Potions
 d - a potion of might
 h - a potion of curing
 l - a potion of agility {unknown}
Comestibles
 f - 11 rations


   Skills:
 + Level 6.1 Fighting
 + Level 5.5 Axes
 + Level 3.2 Throwing
 + Level 5.5 Armour
 + Level 3.2 Dodging
 + Level 4.4 Stealth
 + Level 6.6 Shields
 + Level 3.2 Unarmed Combat
 + Level 3.2 Spellcasting
 + Level 3.6 Evocations


You had 12 spell levels left.
You didn't know any spells.

Dungeon Overview and Level Annotations

Branches:
Dungeon (5/15)
 Temple: D:4-7

Altars:
Elyvilon
Kikubaaqudgha
Trog


Innate Abilities, Weirdness & Mutations

You cannot be hasted, slowed, berserked, paralysed or teleported.
You can dig through walls and to a lower floor.
Your four strong arms can wield two-handed weapons with a shield.
You have a pair of large antennae on your head. (SInv)


Message History

An ogre is nearby!
An ogre is nearby!
The ogre shouts!
You hear an angry hiss.
You slash the ogre!
The ogre is moderately wounded.
The ogre hits you with a giant spiked club!!
* * * LOW HITPOINT WARNING * * *
You are too injured to fight recklessly!
You are too injured to fight recklessly!
You are too injured to fight recklessly!
You are too injured to fight recklessly!
You hit the ogre.
The ogre is heavily wounded.
The ogre hits you with a giant spiked club!
* * * LOW HITPOINT WARNING * * *
A leopard gecko comes into view.
You slash the ogre!
The ogre is almost dead.
The ogre hits you with a giant spiked club!!
You die...

#....# #....+
#....####....#
##.........#######
#......#.........
#......+.<....... .
####......#..#########..
....####+##..#.......l..
....# #####..........
....# #......@O....#
....# #............#
....######............#
..........>...#+##....#
####......##### ......
#..†...# ...... #......#
..... #......# .....
.....#.##


You could see an ogre and a leopard gecko.

Vanquished Creatures
  2 howler monkeys
  A jelly (D:5)
  A crimson imp (D:3)
  An iguana (D:4)
  An orc priest (D:4)
  An orc wizard (D:4)
  A gnoll shaman (D:4)
  Natasha (D:2)
  A hound skeleton (D:4)
  5 gnolls
  10 adders
  A shadow imp (D:5)
  An adder skeleton (D:5)
  4 worms
  2 dart slugs
  2 leopard geckos
  12 orcs
  2 bat skeletons (D:4)
  3 bat zombies (D:4)
  5 giant cockroaches
  14 goblins
  7 hobgoblins
  3 jackals (D:2)
  2 quokkas (D:3)
  3 ball pythons
  11 bats
  A frilled lizard (D:2)
  A jackal skeleton (D:4)
  A jackal zombie (D:5)
  9 kobolds
  A leopard gecko skeleton (D:5)
  10 rats
120 creatures vanquished.

Notes
Turn   | Place    | Note
-------+----------+-------------------------------------------
     0 | D:1      | Kairos the Formicid Fighter began the quest for the Orb.
     0 | D:1      | Reached XP level 1. HP: 18/18 MP: 1/1
    47 | D:1      | Reached XP level 2. HP: 23/25 MP: 2/2
   102 | D:1      | Reached XP level 3. HP: 23/30 MP: 3/3
   661 | D:2      | Reached XP level 4. HP: 36/37 MP: 4/4
  1199 | D:2      | Noticed Natasha
  1213 | D:2      | Killed Natasha
  1245 | D:2      | Found a faded altar of an unknown god.
  1461 | D:2      | Reached skill level 5 in Fighting
  1461 | D:2      | Reached skill level 5 in Armour
  1461 | D:2      | Reached XP level 5. HP: 46/46 MP: 4/9
  1494 | D:3      | Reached XP level 6. HP: 49/52 MP: 7/10
  1890 | D:3      | Found a white marble altar of Elyvilon.
  2153 | D:3      | Noticed a moth of wrath
  2156 | D:3      | Found a bloodstained altar of Trog.
  2378 | D:4      | Reached skill level 5 in Axes
  2378 | D:4      | Reached XP level 7. HP: 47/58 MP: 11/11
  2536 | D:4      | Found an ancient bone altar of Kikubaaqudgha.
  3125 | D:5      | Entered Level 5 of the Dungeon
  3289 | D:5      | Annihilated by an ogre

Skill      XL: |  1  2  3  4  5  6 |
---------------+-------------------+-----
Fighting       | 4 5 6 |  6.1
Shields        | 4 6 |  6.6
Axes           | 4 5 |  5.5
Throwing       | 3 |  3.2
Armour         | 5 |  5.5
Dodging        | 3 |  3.2
Stealth        | 4 |  4.4
Unarmed Combat | 3 |  3.2
Spellcasting   | 3 |  3.2
Evocations     | 3 |  3.6

Action                   |  1- 3 |  4- 6 |  7- 9 || total
-------------------------+-------+-------+-------++-------
Melee: War axe           |    99 |   205 |   107 ||   411
  Use: Potion            |       |     5 |       ||     5
       Scroll            |       |     5 |     1 ||     6
 Stab: Sleeping          |       |     1 |     1 ||     2
  Eat: Chunk             |       |     5 |     3 ||     8
Armor: Scale mail        |    53 |    88 |    28 ||   169
Dodge: Dodged            |    43 |    90 |    49 ||   182
Block: Shield            |    65 |   136 |    59 ||   260
